General information
			
			
        
        - name: BNet
 
        - type: Ladder team game (AT/RT)
 
        - host: Battle.net
 
        - saver: BEAR_AND
 
        
map: Dragonblight 
        - players: 6
 
        - length: 38:27
 
        - speed: Fast
 - version: 1.21 W3XP
 - replay type:  

 
» download(251 KB)
Players
        team 1 (loser) 
              
              
JProfessional (
green | 59 APM | 2252 actions | 38:26)
              
 8 Tauren Chieftain 
 3 War Stomp
 3 Endurance Aura
 1 Reincarnation
 1 Shockwave
 1 Death Knight 
 1 Unholy Aura
 
                » actions 
                
                | Assign group hotkey | 19 |  | 
| Basic commands | 445 |  | 
| Build / train | 76 |  | 
| ESC pressed | 3 |  | 
| Enter build submenu | 38 |  | 
| Enter hero's abilities submenu | 9 |  | 
| Give item / drop item | 3 |  | 
| Remove unit from queue | 1 |  | 
| Right click | 517 |  | 
| Select / deselect | 605 |  | 
| Select group hotkey | 446 |  | 
| Use ability | 89 |  | 
                2252 total
 » units 
                
                | Peon | 11 |  | 
| Grunt | 9 |  | 
| Troll Witch Doctor | 10 |  | 
| Tauren | 9 |  | 
| Frost Wyrm | 3 |  | 
| Demolisher | 6 |  | 
                48 total
 » upgrades
                
                | Armor | 2 |  | 
| Melee Weapons | 2 |  | 
| Berserker Strength | 1 |  | 
| Witch Doctor Training | 2 |  | 
| Pulverize | 1 |  | 
| Creature Carapace | 1 |  | 
| Burning Oil | 1 |  | 
| Reinforced Defenses | 1 |  | 
                11 total
 » buildings
                
                | Altar of Storms | 2 |  | 
| Orc Burrow | 8 |  | 
| Barracks | 2 |  | 
| Voodoo Lounge | 1 |  | 
| War Mill | 1 |  | 
| Stronghold | 1 |  | 
| Spirit Lodge | 1 |  | 
| Fortress | 1 |  | 
| Tauren Totem | 2 |  | 
| Great Hall | 2 |  | 
| Watch Tower | 9 |  | 
                30 total
 » build order
                00:15 Altar of Storms
00:20 Altar of Storms
00:26 Orc Burrow
00:53 Barracks
01:37 Orc Burrow
02:05 Voodoo Lounge
02:12 War Mill
03:13 Orc Burrow
04:10 Stronghold
05:17 Orc Burrow
06:16 Orc Burrow
06:42 Spirit Lodge
07:07 Fortress
07:41 Orc Burrow
09:36 Tauren Totem
09:38 Tauren Totem
13:25 Orc Burrow
15:45 Orc Burrow
20:12 Great Hall
22:03 Great Hall
22:07 Watch Tower
23:49 Watch Tower
24:14 Watch Tower
26:21 Barracks
26:57 Watch Tower
27:00 Watch Tower
31:04 Watch Tower
31:13 Watch Tower
31:20 Watch Tower
31:22 Watch Tower
» items
                
                | Dust of Appearance | 1 |  | 
| Staff of Teleportation | 1 |  | 
| Orb of Lightning | 1 |  | 
                3 total
  
               
              
              
» 
RyanMcD (
blue | 33 APM | 720 actions | 21:52)
              
 4 Death Knight 
 2 Death Coil
 2 Unholy Aura
 
                » actions 
                
                | Basic commands | 76 |  | 
| Build / train | 56 |  | 
| Enter build submenu | 19 |  | 
| Enter hero's abilities submenu | 4 |  | 
| Remove unit from queue | 6 |  | 
| Right click | 227 |  | 
| Select / deselect | 299 |  | 
| Use ability | 33 |  | 
                720 total
 » units 
                
                | Acolyte | 13 |  | 
| Ghoul | 13 |  | 
| Frost Wyrm | 10 |  | 
                36 total
 » upgrades
                
                | Creature Attack | 3 |  | 
| Freezing Breath | 1 |  | 
| Web | 0 |  | 
                4 total
 » buildings
                
                | Ziggurat | 8 |  | 
| Altar of Darkness | 1 |  | 
| Crypt | 1 |  | 
| Graveyard | 1 |  | 
| Halls of the Dead | 2 |  | 
| Nerubian Tower | 1 |  | 
| Black Citadel | 1 |  | 
| Sacrificial Pit | 1 |  | 
| Boneyard | 3 |  | 
                19 total
 » build order
                00:17 Ziggurat
00:19 Altar of Darkness
00:44 Crypt
00:59 Graveyard
01:31 Ziggurat
01:35 Ziggurat
03:07 Halls of the Dead
03:39 Nerubian Tower
05:37 Halls of the Dead
06:17 Ziggurat
08:33 Black Citadel
08:38 Sacrificial Pit
09:23 Ziggurat
09:25 Ziggurat
09:35 Ziggurat
11:03 Boneyard
11:07 Boneyard
11:11 Boneyard
14:02 Ziggurat
» items
                 
               
              
              
Syren (
pink | 83 APM | 3103 actions | 37:19)
              
 4 Warden 
 2 Shadow Strike
 2 Blink
 2 Keeper of the Grove 
 1 Entangling Roots
 1 Thorns Aura
 
                » actions 
                
                | Assign group hotkey | 188 |  | 
| Basic commands | 22 |  | 
| Build / train | 66 |  | 
| Enter build submenu | 26 |  | 
| Enter hero's abilities submenu | 6 |  | 
| Give item / drop item | 1 |  | 
| Remove unit from queue | 3 |  | 
| Right click | 1575 |  | 
| Select / deselect | 416 |  | 
| Select group hotkey | 659 |  | 
| Use ability | 141 |  | 
                3103 total
 » units 
                
                | Wisp | 23 |  | 
| Huntress | 6 |  | 
| Chimaera | 8 |  | 
| Hippogryph | 5 |  | 
                42 total
 » upgrades
                
                | Strength of the Wild | 2 |  | 
| Corrosive Breath | 1 |  | 
                3 total
 » buildings
                
                | Altar of Elders | 1 |  | 
| Moon Well | 7 |  | 
| Hunter's Hall | 1 |  | 
| Ancient of War | 1 |  | 
| Ancient of Wonders | 1 |  | 
| Tree of Ages | 1 |  | 
| Tree of Eternity | 1 |  | 
| Ancient of Lore | 3 |  | 
| Tree of Life | 4 |  | 
| Ancient of Wind | 3 |  | 
| Chimaera Roost | 2 |  | 
                25 total
 » build order
                00:06 Altar of Elders
00:19 Moon Well
01:32 Hunter's Hall
01:47 Ancient of War
01:55 Ancient of Wonders
02:22 Moon Well
03:22 Tree of Ages
03:57 Moon Well
06:15 Tree of Eternity
06:38 Moon Well
07:35 Ancient of Lore
07:40 Tree of Life
07:52 Ancient of Lore
07:54 Ancient of Lore
08:43 Moon Well
09:56 Ancient of Wind
11:08 Chimaera Roost
11:09 Chimaera Roost
12:34 Ancient of Wind
12:38 Ancient of Wind
13:45 Moon Well
16:17 Moon Well
21:47 Tree of Life
27:44 Tree of Life
29:33 Tree of Life
» items
                
                | Scroll of Town Portal | 2 |  | 
| Orb of Venom | 1 |  | 
| Potion of Healing | 2 |  | 
| Potion of Mana | 2 |  | 
| Lesser Clarity Potion | 1 |  | 
                8 total
  
               team 2 (winner) 
              
              
BEAR_AND (
purple | 86 APM | 3306 actions | 38:27)
              
 9 Blademaster 
 3 Wind Walk
 3 Critical Strike
 1 Bladestorm
 2 Mirror Image
 
                » actions 
                
                | Assign group hotkey | 9 |  | 
| Basic commands | 3 |  | 
| Build / train | 77 |  | 
| Enter build submenu | 46 |  | 
| Enter hero's abilities submenu | 9 |  | 
| Give item / drop item | 2 |  | 
| Right click | 2199 |  | 
| Select / deselect | 295 |  | 
| Select group hotkey | 512 |  | 
| Use ability | 154 |  | 
                3306 total
 » units 
                » upgrades
                
                | Liquid Fire | 1 |  | 
| Ranged Weapons | 3 |  | 
| Armor | 1 |  | 
                5 total
 » buildings
                
                | Altar of Storms | 1 |  | 
| Orc Burrow | 4 |  | 
| War Mill | 1 |  | 
| Voodoo Lounge | 3 |  | 
| Watch Tower | 30 |  | 
| Stronghold | 1 |  | 
| Beastiary | 2 |  | 
| Fortress | 1 |  | 
| Great Hall | 1 |  | 
                44 total
 » build order
                00:06 Altar of Storms
00:19 Orc Burrow
00:49 War Mill
02:00 Voodoo Lounge
02:30 Watch Tower
02:31 Watch Tower
03:25 Watch Tower
03:28 Watch Tower
04:19 Watch Tower
04:21 Watch Tower
04:23 Stronghold
04:35 Watch Tower
04:40 Watch Tower
04:44 Watch Tower
05:13 Orc Burrow
05:48 Watch Tower
06:08 Watch Tower
06:27 Orc Burrow
06:48 Beastiary
07:08 Watch Tower
07:53 Watch Tower
07:56 Fortress
08:04 Beastiary
08:28 Watch Tower
08:59 Watch Tower
09:34 Watch Tower
10:26 Orc Burrow
11:06 Watch Tower
11:57 Watch Tower
12:20 Voodoo Lounge
13:34 Watch Tower
13:37 Watch Tower
15:28 Voodoo Lounge
15:59 Watch Tower
23:36 Watch Tower
23:39 Great Hall
23:42 Watch Tower
23:43 Watch Tower
23:45 Watch Tower
24:03 Watch Tower
24:51 Watch Tower
24:54 Watch Tower
24:56 Watch Tower
30:50 Watch Tower
» items
                
                | Healing Salve | 3 |  | 
| Lesser Clarity Potion | 6 |  | 
| Boots of Speed | 2 |  | 
| Staff of Teleportation | 1 |  | 
| Orb of Lightning | 1 |  | 
                13 total
  
               
              
              
iggy_the_fisk (
orange | 125 APM | 4788 actions | 38:27)
              
 4 Archmage 
 3 Blizzard
 1 Brilliance Aura
 3 Blood Mage 
 2 Flame Strike
 1 Siphon Mana
 2 Pit Lord 
 1 Rain of Fire
 1 Cleaving Attack
 
                » actions 
                
                | Assign group hotkey | 159 |  | 
| Basic commands | 16 |  | 
| Build / train | 157 |  | 
| Enter build submenu | 75 |  | 
| Enter hero's abilities submenu | 11 |  | 
| Give item / drop item | 2 |  | 
| Right click | 1976 |  | 
| Select / deselect | 431 |  | 
| Select group hotkey | 1686 |  | 
| Use ability | 275 |  | 
                4788 total
 » units 
                » upgrades
                
                | Masonry | 3 |  | 
| Lumber Harvesting | 2 |  | 
| Magic Sentry | 1 |  | 
                6 total
 » buildings
                
                | Altar of Kings | 1 |  | 
| Lumber Mill | 1 |  | 
| Farm | 5 |  | 
| Scout Tower | 84 |  | 
| Arcane Tower | 5 |  | 
| Guard Tower | 53 |  | 
| Arcane Vault | 2 |  | 
| Keep | 3 |  | 
| Town Hall | 4 |  | 
| Arcane Sanctum | 1 |  | 
| Castle | 3 |  | 
                162 total
 » build order
                00:06 Altar of Kings
00:19 Lumber Mill
00:30 Farm
00:59 Farm
01:38 Scout Tower
02:02 Scout Tower
02:06 Arcane Tower
02:06 Arcane Tower
02:06 Arcane Tower
02:07 Scout Tower
02:20 Scout Tower
02:30 Guard Tower
02:36 Guard Tower
02:36 Guard Tower
02:38 Scout Tower
02:57 Guard Tower
02:59 Scout Tower
03:07 Guard Tower
03:08 Scout Tower
03:22 Arcane Vault
04:11 Guard Tower
04:17 Scout Tower
04:19 Guard Tower
04:20 Scout Tower
04:28 Scout Tower
04:30 Scout Tower
04:43 Keep
04:43 Keep
04:51 Guard Tower
04:52 Scout Tower
04:58 Scout Tower
05:01 Guard Tower
05:02 Guard Tower
05:02 Guard Tower
05:14 Guard Tower
05:15 Scout Tower
05:20 Guard Tower
05:23 Scout Tower
05:27 Guard Tower
05:41 Arcane Vault
06:10 Guard Tower
06:12 Guard Tower
06:12 Guard Tower
06:12 Guard Tower
07:16 Farm
07:17 Farm
07:31 Scout Tower
07:53 Scout Tower
08:43 Town Hall
08:49 Arcane Sanctum
08:50 Guard Tower
09:50 Scout Tower
09:57 Castle
09:57 Castle
10:14 Scout Tower
10:15 Scout Tower
10:16 Scout Tower
10:17 Scout Tower
10:20 Guard Tower
10:23 Scout Tower
11:08 Guard Tower
11:11 Scout Tower
11:12 Scout Tower
11:26 Arcane Tower
11:27 Guard Tower
11:38 Arcane Tower
11:40 Guard Tower
11:42 Scout Tower
11:57 Scout Tower
11:57 Scout Tower
11:59 Scout Tower
12:00 Scout Tower
12:02 Scout Tower
12:02 Scout Tower
12:25 Guard Tower
13:31 Scout Tower
13:35 Town Hall
13:40 Scout Tower
13:41 Scout Tower
13:43 Scout Tower
13:44 Scout Tower
13:45 Scout Tower
13:46 Scout Tower
13:48 Scout Tower
13:49 Scout Tower
13:50 Scout Tower
13:52 Scout Tower
13:52 Scout Tower
13:55 Scout Tower
13:56 Scout Tower
13:57 Scout Tower
13:57 Scout Tower
13:58 Scout Tower
13:58 Scout Tower
14:00 Scout Tower
14:01 Scout Tower
15:17 Guard Tower
15:19 Farm
15:21 Scout Tower
15:22 Scout Tower
15:26 Guard Tower
15:43 Guard Tower
15:58 Guard Tower
16:08 Guard Tower
16:17 Guard Tower
16:18 Guard Tower
16:18 Guard Tower
16:18 Guard Tower
16:34 Guard Tower
16:36 Scout Tower
16:58 Scout Tower
16:59 Scout Tower
17:51 Guard Tower
18:33 Scout Tower
18:58 Scout Tower
18:59 Scout Tower
19:08 Guard Tower
19:35 Guard Tower
19:43 Town Hall
19:47 Scout Tower
19:48 Scout Tower
19:49 Scout Tower
19:50 Scout Tower
19:51 Scout Tower
19:52 Scout Tower
19:53 Scout Tower
19:54 Scout Tower
20:20 Guard Tower
20:53 Town Hall
21:34 Scout Tower
21:37 Scout Tower
21:38 Scout Tower
22:47 Guard Tower
23:01 Guard Tower
23:04 Scout Tower
23:05 Scout Tower
23:06 Scout Tower
24:14 Guard Tower
24:17 Scout Tower
24:17 Scout Tower
24:18 Scout Tower
24:28 Guard Tower
24:28 Guard Tower
24:29 Guard Tower
24:58 Scout Tower
24:59 Scout Tower
26:32 Guard Tower
29:16 Scout Tower
29:18 Scout Tower
29:20 Scout Tower
29:22 Scout Tower
29:22 Scout Tower
30:28 Guard Tower
30:32 Guard Tower
31:08 Guard Tower
» items
                
                | Healing Salve | 5 |  | 
| Scroll of Town Portal | 10 |  | 
| Staff of Sanctuary | 3 |  | 
| Orb of Lightning | 3 |  | 
| Boots of Speed | 3 |  | 
| Staff of Teleportation | 3 |  | 
| Scroll of Regeneration | 2 |  | 
| Lesser Clarity Potion | 1 |  | 
                30 total
  
               
              
              
TIMG4STRok (
yellow | 89 APM | 3419 actions | 38:27)
              
 4 Beastmaster 
 2 Summon Quilbeast
 2 Summon Hawk
 3 Firelord 
 1 Soul Burn
 2 Summon Lava Spawn
 2 Pandaren Brewmaster 
 1 Breath of Fire
 1 Drunken Brawler
 
                » actions 
                
                | Assign group hotkey | 20 |  | 
| Basic commands | 81 |  | 
| Build / train | 106 |  | 
| ESC pressed | 10 |  | 
| Enter build submenu | 53 |  | 
| Enter hero's abilities submenu | 10 |  | 
| Give item / drop item | 8 |  | 
| Right click | 1643 |  | 
| Select / deselect | 346 |  | 
| Select group hotkey | 903 |  | 
| Use ability | 239 |  | 
                3419 total
 » units 
                » upgrades
                
                | Masonry | 3 |  | 
| Lumber Harvesting | 2 |  | 
| Magic Sentry | 1 |  | 
                6 total
 » buildings
                
                | Altar of Kings | 3 |  | 
| Lumber Mill | 2 |  | 
| Scout Tower | 55 |  | 
| Arcane Tower | 2 |  | 
| Farm | 3 |  | 
| Guard Tower | 23 |  | 
| Town Hall | 3 |  | 
| Keep | 1 |  | 
| Arcane Vault | 3 |  | 
| Castle | 1 |  | 
| Arcane Sanctum | 1 |  | 
                97 total
 » build order
                00:31 Altar of Kings
00:34 Lumber Mill
00:41 Scout Tower
01:08 Arcane Tower
01:10 Scout Tower
01:32 Farm
02:15 Guard Tower
02:23 Scout Tower
02:41 Scout Tower
02:55 Guard Tower
03:15 Guard Tower
03:18 Scout Tower
04:23 Guard Tower
04:24 Scout Tower
04:51 Farm
04:55 Guard Tower
05:09 Scout Tower
05:43 Guard Tower
06:58 Town Hall
07:05 Scout Tower
07:05 Scout Tower
07:06 Scout Tower
07:06 Scout Tower
07:11 Scout Tower
07:12 Scout Tower
07:13 Scout Tower
07:13 Scout Tower
07:48 Guard Tower
08:29 Keep
08:31 Guard Tower
08:46 Arcane Vault
09:05 Guard Tower
09:07 Scout Tower
09:08 Scout Tower
09:43 Scout Tower
09:44 Scout Tower
09:46 Scout Tower
11:04 Guard Tower
11:17 Guard Tower
11:19 Castle
12:24 Arcane Sanctum
12:45 Arcane Vault
12:45 Arcane Vault
13:59 Scout Tower
14:00 Scout Tower
14:04 Scout Tower
14:06 Scout Tower
15:53 Guard Tower
15:57 Guard Tower
18:53 Scout Tower
18:56 Scout Tower
18:56 Scout Tower
18:57 Scout Tower
19:01 Scout Tower
19:02 Scout Tower
19:03 Scout Tower
19:11 Scout Tower
19:11 Scout Tower
20:12 Guard Tower
21:36 Guard Tower
21:42 Scout Tower
21:43 Scout Tower
21:48 Scout Tower
21:48 Scout Tower
21:50 Scout Tower
21:50 Scout Tower
21:53 Scout Tower
21:55 Scout Tower
22:30 Scout Tower
22:40 Guard Tower
22:52 Guard Tower
24:02 Guard Tower
27:30 Lumber Mill
27:34 Scout Tower
27:35 Scout Tower
27:36 Scout Tower
28:29 Arcane Tower
29:17 Guard Tower
29:23 Scout Tower
29:23 Scout Tower
29:24 Scout Tower
29:26 Guard Tower
29:31 Scout Tower
30:20 Scout Tower
30:21 Scout Tower
30:21 Scout Tower
30:24 Scout Tower
30:26 Scout Tower
30:40 Scout Tower
30:59 Guard Tower
31:05 Farm
31:08 Altar of Kings
31:08 Altar of Kings
31:49 Guard Tower
32:49 Guard Tower
32:54 Town Hall
35:19 Town Hall
» items
                
                | Boots of Speed | 6 |  | 
| Staff of Teleportation | 6 |  | 
| Lesser Clarity Potion | 3 |  | 
| Healing Salve | 2 |  | 
| Staff of Sanctuary | 5 |  | 
| Orb of Lightning | 3 |  | 
| Potion of Healing | 5 |  | 
| Potion of Mana | 6 |  | 
| Scroll of Town Portal | 1 |  | 
                37 total
  
                Chat log
          (00:10 / All) Syren: bear i remember you from some place..
(00:14 / All) BEAR_AND: really
(00:20 / All) Syren: yeh
(00:25 / All) TIMG4STRok: UofT
(00:27 / All) BEAR_AND: you play a lot of 3s or 4s?
(00:32 / All) Syren: same wiyth you iggy
(00:34 / All) Syren: just not yellow
(00:37 / All) Syren: i play 3s
(00:42 / All) BEAR_AND: hmmm
(00:43 / All) JProfessional: i seen u b4 iggy
(00:43 / All) TIMG4STRok: damn
(00:44 / All) BEAR_AND: you in a clan?
(00:44 / All) TIMG4STRok: im sorry
(00:47 / All) JProfessional: dota i think
(00:50 / All) Syren: Well
(00:53 / All) Syren: my Asto acc is
(00:54 / All) BEAR_AND: nah we don't play dota
(00:55 / All) Syren: in SDN
(00:59 / All) TIMG4STRok: the fuck is sdn
(01:04 / All) Syren: Lol
(01:10 / All) iggy_the_fisk: he cranky
(01:10 / All) Syren: ranked top 10 in one teams 
(01:17 / All) BEAR_AND: ?
(01:19 / All) Syren: i think
(01:20 / All) Syren: o.O
(01:25 / All) Syren: i just got back from a 5 motnh break so
(01:26 / All) Syren: i forget
(02:30 / All) TIMG4STRok: hey syren
(02:32 / All) Syren: ?
(02:34 / All) TIMG4STRok: Suck my dick and prepare for ownage.
(02:41 / All) BEAR_AND: dont mind him....bad manner
(02:44 / All) Syren: eh
(02:48 / All) iggy_the_fisk: this i why he toils in irrelevancy
(02:48 / All) TIMG4STRok: you already disrespect me
(02:55 / All) Syren: this will be an epic game
(02:59 / All) TIMG4STRok: i carry this team, to new heights
(03:07 / All) Syren: lol
(04:09 / All) RyanMcD: fuck
(04:14 / All) BEAR_AND: nice tech cancel;
(04:25 / All) iggy_the_fisk: an ownage has been lain upon you...
(04:41 / All) iggy_the_fisk: ty mom, dad, biggles, peace, see you at the afterparty
(04:42 / All) TIMG4STRok: this is what you get for disrespecint g warcraft 3 and wgdf superstar TIMG4STRok
(04:49 / All) Syren: lol
(04:50 / All) BEAR_AND: vgdf
(04:54 / All) Syren: di dall your heroe sdie?
(05:03 / All) BEAR_AND: samuro lives on
(05:03 / All) TIMG4STRok: did all your acos die, and you cancelled tech
(05:04 / All) TIMG4STRok: ?
(05:08 / All) Syren: oh bm
(05:10 / All) Syren: forgot
(05:18 / All) Syren: i was asking a serious quetsion
(05:20 / All) Syren: o.o
(05:24 / All) TIMG4STRok: so was i
(05:27 / All) Syren: i really didnt know
(05:30 / All) Syren: if they all died or not
(05:35 / All) Syren: i wasn't being saracstic =/
(06:04 / All) Syren: saved
(06:05 / All) RyanMcD: clear this mine
(06:07 / All) Syren: that nuke just for oyu
(06:10 / All) Syren: :o
(06:19 / All) Syren: it was special
(06:20 / All) Syren: :D
(06:45 / All) iggy_the_fisk: yeah cherish this time, before the brutal reality of a crushing defeat is bestowed upon u to the utmost
(06:54 / All) Syren: =[
(08:06 / All) TIMG4STRok: pNWEAF
(08:15 / All) Syren: i hope you dont tp
(08:22 / All) TIMG4STRok: peace LOL
(08:26 / All) Syren: aww
(08:28 / All) Syren: so lucky
(08:35 / All) BEAR_AND: only skill in this game
(08:45 / All) Syren: oh
(08:46 / All) Syren: sorry
(08:53 / All) BEAR_AND: remember me now
(08:54 / All) TIMG4STRok: LOL
(08:55 / All) Syren: or only towering
(08:59 / All) TIMG4STRok: 390G 40W DOWN THE DRAINS
(09:13 / All) iggy_the_fisk: two huntresses were slain is that we way it's supposed to be
(09:22 / All) TIMG4STRok: 2 hunts, 195g 20w each
(09:28 / All) iggy_the_fisk: three more fell to the ground
(09:47 / All) BEAR_AND: wjat is mcd
(09:50 / All) BEAR_AND: mcdonald?
(09:56 / All) BEAR_AND: one grunt
(09:57 / All) BEAR_AND: down
(10:43 / All) BEAR_AND: an expo.....down
(10:48 / All) BEAR_AND: what is that, 255g 225w?
(11:02 / All) Syren: not sure
(12:26 / All) BEAR_AND: no
(13:24 / All) Syren: =/
(13:27 / All) BEAR_AND: LMAO
(13:36 / All) Syren: i kept maessing my blink uip
(13:39 / All) Syren: yah you can laugh
(13:40 / All) TIMG4STRok: maessing
(13:40 / All) BEAR_AND: so
(13:41 / All) BEAR_AND: noob
(13:42 / All) Syren: im laughing at my self rihgt now
(13:45 / Allies) BEAR_AND: sooooooooooo noob
(13:48 / All) BEAR_AND: sooooooooooo noob
(13:51 / All) Syren: why you calling me noob
(13:54 / All) Syren: =[
(13:56 / All) Syren: i wuv you
(13:58 / All) BEAR_AND: because you had to tp a warden with blink
(14:02 / All) BEAR_AND: because of 3 towers
(14:10 / All) Syren: T.T
(16:45 / All) Syren: i belive thats 210 g
(19:39 / All) BEAR_AND: oh my god noobs
(21:10 / All) Syren: you won every game with that strat?
(21:14 / All) BEAR_AND: yyes
(21:16 / All) BEAR_AND: www.highper.ch
(21:56 / All) BEAR_AND: LMAO
(22:02 / All) Syren: naw he had to leave
(22:07 / All) BEAR_AND: yes as all noobs do
(22:09 / All) BEAR_AND: so
(22:10 / All) BEAR_AND: get out
(22:14 / All) iggy_the_fisk: they lose they leave
(22:28 / All) Syren: thot you were cool lol
(22:33 / All) BEAR_AND: 350g
(24:34 / All) TIMG4STRok: *poog*
(25:38 / All) iggy_the_fisk: hooly noob
(26:06 / Allies) iggy_the_fisk: bear and
(26:07 / Allies) iggy_the_fisk: healing
(26:09 / Allies) iggy_the_fisk: surprise
(26:09 / Allies) TIMG4STRok: yeahy
(26:11 / Allies) TIMG4STRok: whats new
(27:33 / All) iggy_the_fisk: NOOOOOOOOOOOOOOOOOB
(27:36 / All) iggy_the_fisk: leave
(27:38 / All) iggy_the_fisk: when we tell u
(27:46 / All) BEAR_AND: do my bidding
(29:02 / All) BEAR_AND: nope
(29:05 / All) iggy_the_fisk: nope
(29:06 / All) iggy_the_fisk: nope
(29:07 / All) iggy_the_fisk: u noob
(29:08 / All) iggy_the_fisk: leave
(29:13 / All) TIMG4STRok: ROFL
(29:15 / All) BEAR_AND: nope
(29:53 / All) BEAR_AND: need gold?????????? hahahahhahahhwahahahahhah
(30:33 / All) BEAR_AND: what willages do u all hail from
(31:34 / All) BEAR_AND: maintenant le voyager le base d'undead
(31:42 / All) BEAR_AND: voila
(31:44 / All) BEAR_AND: un noobe
(32:11 / All) BEAR_AND: la ghoules.....c'est mort
(32:15 / All) BEAR_AND: qoui?
(32:20 / All) BEAR_AND: cinq....
(32:51 / All) Syren: youu play 30 min games all the time?
(32:56 / All) iggy_the_fisk: no
(32:58 / All) BEAR_AND: 30min is like the very beginning of the game
(32:59 / All) iggy_the_fisk: usually
(33:02 / All) iggy_the_fisk: noobs leave
(33:03 / All) BEAR_AND: 4-8 hours avg
(33:06 / All) iggy_the_fisk: when they realize they lost
(33:12 / All) Syren: naw
(33:15 / All) Syren: i've done this strat a lot
(33:26 / All) Syren: but im rusty haven't played for
(33:30 / All) Syren: 5months..
(33:35 / All) BEAR_AND: maybe you recognize me because i invent this shit
(33:36 / All) Syren: any way gg
(33:58 / All) BEAR_AND: leave shitnoob
(34:02 / All) TIMG4STRok: actually me and mata. invent it, bear_and just hopping along for the ride......
(34:02 / All) Syren: I just don't like how you guys are shit talking
(34:53 / All) BEAR_AND: what   a matter,.... run out of tauren?
(36:24 / All) BEAR_AND: ah, level 9....i thank ye
(36:36 / All) TIMG4STRok: OWNED
(36:37 / All) TIMG4STRok: STOMP
(36:38 / All) TIMG4STRok: ME
(36:38 / All) TIMG4STRok: GO
(36:39 / All) BEAR_AND: abnd then
(36:41 / All) BEAR_AND: i spank ye
(37:03 / All) BEAR_AND: your willage is alight
(37:04 / All) TIMG4STRok: guess how many units i make this game answer 0
(37:08 / All) BEAR_AND: look @ this nightmare
(37:27 / All) TIMG4STRok: leave shitnoob
(37:29 / All) BEAR_AND: LEAVE
(37:44 / All) BEAR_AND: if you really want this win you may purchase it for $3 @ highper.ch/win
(37:46 / All) JProfessional: clearly u guys have no fucking LIVES ROFL
(37:47 / All) BEAR_AND: otherwise GET OUT!!!!!!!!!!!
(37:57 / All) BEAR_AND: clearly you are awful at an easy video game ROFL
(38:09 / All) iggy_the_fisk: aaragh how do i push theese buttonz
(38:10 / All) JProfessional: doing this shit every game
(38:19 / All) iggy_the_fisk: my fat finger...
(38:20 / All) JProfessional: u guys at just lifeless mnerds LMAO
(38:25 / All) JProfessional: get a life really